[Event "Early-Titled-Tuesday-Blitz-May-28-2024"]
[Site "Chess.com"]
[Date "2024.05.28"]
[Round "8"]
[White "simaopdias"]
[Black "JJDAREK"]
[Result "0-1"]
[WhiteElo "2237"]
[BlackElo "2362"]
[TimeControl "180+1"]
[EndTime "9:28:49 PDT"]
[Termination "JJDAREK won by checkmate"]

1. e4 d6 2. d4 Nf6 3. Nc3 g6 4. Be3 a6 5. Qd2 b5 6. f3 Nbd7 7. O-O-O Bb7 8. Kb1 e6 9. Bh6 Bxh6 10. Qxh6 Qe7 11. Nge2 c5 12. dxc5 dxc5 13. Nf4 O-O-O 14. Bd3 c4 15. Be2 Nc5 16. e5 Nfd7 17. Rhe1 Nxe5 18.
Qh3 h5 19. a3 Kb8 20. g3 Nxf3 21. Bxf3 Bxf3 22. Rxd8+ Rxd8 23. Qf1 Bb7 24. Qe2 Rd6 25. Qe5 Nd7 26. Qh8+ Ka7 27. Qg7 Qf6 28. Qg8 e5 29.
Nfe2 Qe6 30. Nf4 Qf5 31. Nfe2 Rd2 32. Kc1 Qxc2# 0-1

[Event "Early-Titled-Tuesday-Blitz-May-28-2024"]
[Site "Chess.com"]
[Date "2024.05.28"]
[Round "8"]
[White "Felix-Rose"]
[Black "FMStan15"]
[Result "0-1"]
[WhiteElo "2279"]
[BlackElo "2146"]
[TimeControl "180+1"]
[EndTime "9:28:49 PDT"]
[Termination "FMStan15 won by resignation"]

1. e4 e6 2. d4 d5 3. Nc3 Bb4 4. e5 c5 5. a3 Bxc3+ 6. bxc3 Qc7 7. Qg4 f5 8. Qg3 cxd4 9. cxd4 Ne7 10. c3 O-O 11. Ne2 b6 12. Nf4 Qd7 13. a4 Ba6 14.
Bb5 Bxb5 15. axb5 a5 16. bxa6 Rxa6 17. Rxa6 Nxa6 18. O-O Nc7 19. Bd2 Ra8 20. h4 Ra2 21.
Qd3 Qb5 22. Qe3 Qb2 23. Bc1 Qc2 24. h5 Kf7 25. Kh2 Nb5 26. Qg3 Qxc3 27. Be3 Nxd4 28. Rc1 Rc2 29. Rb1 Nb3 30. Bxb6 Qxg3+ 31. fxg3 Nd2 32. Bd8 Nxb1 0-1

[Event "Early-Titled-Tuesday-Blitz-May-28-2024"]
[Site "Chess.com"]
[Date "2024.05.28"]
[Round "8"]
[White "carloseduar100"]
[Black "Dubs123"]
[Result "0-1"]
[WhiteElo "2299"]
[BlackElo "2448"]
[TimeControl "180+1"]
[EndTime "9:28:53 PDT"]
[Termination "Dubs123 won by resignation"]

1. d4 c5 2. d5 d6 3. Nc3 e5 4. dxe6 Bxe6 5. e4 Nf6 6. Bg5 Be7 7. Qd2 h6 8. Bh4 Nc6 9. Nf3 a6 10. O-O-O Qc7 11. Bxf6 Bxf6 12. Qxd6 Qxd6 13. Rxd6 Bxc3 14. bxc3 Ke7 15. Rd2 Bxa2 16. c4 Na5 17. Ne5 Ke6 18.
Nd3 Rhc8 19. Nb2 Rab8 20. g3 Ke7 21. Bd3 b5 22. cxb5 axb5 23. Be2 c4 24. c3 b4 25. Kc2 bxc3 26. Kxc3 Rb3+ 27. Kc2 c3 28. Bg4 Rxb2+ 0-1

[Event "Early-Titled-Tuesday-Blitz-May-28-2024"]
[Site "Chess.com"]
[Date "2024.05.28"]
[Round "8"]
[White "Alexchess1984"]
[Black "NovakRatko"]
[Result "1-0"]
[WhiteElo "2599"]
[BlackElo "2372"]
[TimeControl "180+1"]
[EndTime "9:28:55 PDT"]
[Termination "Alexchess1984 won on time"]

1. d4 d5 2. Bf4 c5 3. e3 Nc6 4. Nf3 cxd4 5. exd4 f6 6. c3 Bg4 7. Be2 e6 8. h3 Bh5 9. Bh2 Bd6 10. Nbd2 Nge7 11.
O-O O-O 12. Re1 Bxh2+ 13. Nxh2 Bf7 14. Bd3 Qd6 15. Qc2 Kh8 16. Ndf3 Rac8 17. Bxh7 g6 18. Ng4 Kxh7 19. Nxf6+ Kg7 20. Ng4 Nf5 21. Qd2 Rh8 22. Re2 Rce8 23. Rae1 a6 24. a3 b5 25. Ng5 Bg8 26. Ne5 Nxe5 27. Rxe5 Rh5 28. g4 Nh4 29. gxh5 gxh5 30. Kh1 Rf8 31. Rg1 Kf6 32. Qf4+ Nf5 33. Rxf5+ 1-0

[Event "Early-Titled-Tuesday-Blitz-May-28-2024"]
[Site "Chess.com"]
[Date "2024.05.28"]
[Round "8"]
[White "ilqar_74"]
[Black "JonasEilenberg"]
[Result "0-1"]
[WhiteElo "2759"]
[BlackElo "2631"]
[TimeControl "180+1"]
[EndTime "9:28:58 PDT"]
[Termination "JonasEilenberg won by checkmate"]

1. e4 c5 2. Nf3 Nc6 3. d4 cxd4 4. Nxd4 Nf6 5. Nc3 e5 6. Ndb5 d6 7. Bg5 a6 8. Na3 b5 9. Nd5 Be7 10. Bxf6 Bxf6 11. c4 Nd4 12. Bd3 Be6 13. O-O Bxd5 14. cxd5 O-O 15. Nc2 Qb6 16. Ne3 Bg5 17. Qg4 Bh6 18.
Rac1 g6 19. Qh4 Bf4 20. Rcd1 Rac8 21. Ng4 h5 22. Nf6+ Kg7 23. Nxh5+ gxh5 24. Qxh5 Rh8 25. Qg4+ Kf6 26. g3 Rcg8 27. Qd7 Nf3+ 28. Kg2 Rxh2+ 29.
Kxf3 Rxg3+ 30. Ke2 Qe3# 0-1

[Event "Early-Titled-Tuesday-Blitz-May-28-2024"]
[Site "Chess.com"]
[Date "2024.05.28"]
[Round "8"]
[White "Blitz_Lover1"]
[Black "Root_21"]
[Result "1-0"]
[WhiteElo "2560"]
[BlackElo "2671"]
[TimeControl "180+1"]
[EndTime "9:28:59 PDT"]
[Termination "Blitz_Lover1 won on time"]

1. e4 c5 2. Nf3 d6 3. d4 cxd4 4.
Nxd4 Nf6 5. Nc3 a6 6. Bg5 e6 7. f4 Be7 8. Qf3 Qc7 9. O-O-O Nbd7 10. Bd3 h6 11. Bh4 g5 12. fxg5 Ne5 13. Qe2 Nfg4 14.
h3 hxg5 15. Bg3 Nf6 16. Nf3 Nh5 17. Bh2 Bd7 18. Rhf1 Nf4 19. Qd2 Nxf3 20. Rxf3 Ng6 21. Rdf1 Rh7 22. e5 dxe5 23. Rxf7 Rh6 24. Rh7 Rxh7 25.
Bxg6+ Kd8 26. Bxh7 Kc8 27. Rf7 Bd6 28. Ne4 1-0

[Event "Early-Titled-Tuesday-Blitz-May-28-2024"]
[Site "Chess.com"]
[Date "2024.05.28"]
[Round "8"]
[White "AradNazari"]
[Black "DanielNaroditsky"]
[Result "0-1"]
[WhiteElo "2790"]
[BlackElo "3061"]
[TimeControl "180+1"]
[EndTime "9:29:04 PDT"]
[Termination "DanielNaroditsky won on time"]

1. e4 c5 2. Nf3 d6 3. d4 cxd4 4. Nxd4 Nf6 5. Nc3 a6 6. Bg5 Nbd7 7. Qe2 h6 8. Bh4 g6 9. f4 e5 10. fxe5 dxe5 11. O-O-O Bg7 12. Nb3 O-O 13. Kb1 b5 14. g4 Qc7 15. Rg1 b4 16. Nd5 Nxd5 17. exd5 a5 18. d6 Qb8 19. Be7 a4 20. Nc1 b3 21.
cxb3 axb3 22. Nxb3 e4 23. Bxf8 Nxf8 24. Qxe4 Qa7 25.
Bc4 Qxa2+ 26. Kc2 Qxb2+ 27. Kd3 Rb8 28. Nd2 Ne6 29. Ke2 Bb7 30. Qe3 Bd4 31. Qb3 Nf4+ 32.
Ke1 Qxb3 33. Nxb3 Bxg1 34. d7 Rd8 35. Bb5 Bb6 36. Kf1 Ne6 37. Re1 Bd5 38. Nd2 Ba5 39. Ne4 Bxe4 40. Rxe4 Kg7 41. Rc4 Kf6 42. Rc8 Ke7 43.
h3 Bc7 44. Kg2 Bd6 45. Kf3 Nc5 0-1

[Event "Early-Titled-Tuesday-Blitz-May-28-2024"]
[Site "Chess.com"]
[Date "2024.05.28"]
[Round "8"]
[White "Boundless_Strike"]
[Black "ural58"]
[Result "1-0"]
[WhiteElo "2614"]
[BlackElo "2437"]
[TimeControl "180+1"]
[EndTime "9:29:04 PDT"]
[Termination "Boundless_Strike won by resignation"]

1. d4 d5 2. Nc3 Nf6 3. e4 dxe4 4. f3 e5 5. dxe5 Qxd1+ 6. Kxd1 Nfd7 7. Nd5 Kd8 8. Bg5+ f6 9. exf6 gxf6 10. Nxf6 Be7 11. Nxe4 Nc6 12. Bxe7+ Kxe7 13. Kd2 Nde5 14. Re1 Be6 15.
f4 Ng4 16. Nf3 Rhd8+ 17. Kc1 Kf8 18. h3 Nh6 19. g4 Bd5 20. Neg5 Kg8 21. a3 Nf7 22. Nxf7 Bxf7 23. Bd3 h6 24. Ne5 Bd5 25. Nxc6 Bxc6 26. Rh2 Rd6 27. Rhe2 Rad8 28. Re7 Bg2 29.
h4 c5 30. g5 Bf3 31. g6 b5 32. b3 Rf6 33. f5 Kf8 34. Rh7 a6 35. Rh8+ 1-0

[Event "Early-Titled-Tuesday-Blitz-May-28-2024"]
[Site "Chess.com"]
[Date "2024.05.28"]
[Round "8"]
[White "GMMikhailKazakov"]
[Black "zozik"]
[Result "1-0"]
[WhiteElo "2514"]
[BlackElo "2339"]
[TimeControl "180+1"]
[EndTime "9:29:07 PDT"]
[Termination "GMMikhailKazakov won by resignation"]

1. e4 e6 2. d4 d5 3. exd5 exd5 4. Bd3 Nf6 5. h3 c5 6. dxc5 Bxc5 7. Nf3 O-O 8. O-O Nc6 9. Bg5 Be6 10. Nc3 h6 11. Bh4 g5 12. Bg3 Nh5 13. Bh2 Ng7 14. Nb5 Rc8 15.
c3 a6 16. Nbd4 Nxd4 17. Nxd4 Bxd4 18. cxd4 Qf6 19. Be5 Qe7 20. Qf3 f6 21. Bg3 Qd7 22. Rac1 Bf5 23. Rxc8 Rxc8 24. Re1 Bxd3 25. Qxd3 Kf7 26.
Qb3 Re8 27. Rc1 Nf5 28. Rc7 Re1+ 29. Kh2 Rh1+ 30. Kxh1 Nxg3+ 31. Qxg3 1-0

[Event "Early-Titled-Tuesday-Blitz-May-28-2024"]
[Site "Chess.com"]
[Date "2024.05.28"]
[Round "8"]
[White "ValeriyGrinev"]
[Black "Eliwood44"]
[Result "1/2-1/2"]
[WhiteElo "2581"]
[BlackElo "2473"]
[TimeControl "180+1"]
[EndTime "9:29:08 PDT"]
[Termination "Game drawn by repetition"]

1. e4 e5 2. Nf3 Nc6 3. Bb5 Nf6 4. O-O Nxe4 5. Re1 Nd6 6. Bxc6 dxc6 7. Nxe5 Be7 8. d4 O-O 9. Nd2 Be6 10. Ndf3 Ne8 11. h3 Nf6 12. c3 Re8 13. Bf4 Bd5 14. Qd3 c5 15. Rad1 cxd4 16. Nxd4 Bf8 17. c4 Be6 18. Nxe6 Qxd3 19. Nxd3 Rxe6 20. Rxe6 fxe6 21. Bxc7 Rc8 22. Be5 Rxc4 23. a3 Nd5 24. Kf1 Rc2 25.
Ne1 Rc6 26. Ke2 g6 27. g3 Bg7 28.
Bxg7 Kxg7 29. Rd2 Kf6 30. Rc2 Rxc2+ 31. Nxc2 Ke5 32. Kd3 g5 33. Ne3 Nxe3 34. Kxe3 h5 35. b3 b6 36. Kd3 Kd5 37. Ke3 Ke5 38. f3 a6 39. Kd3 b5 40. b4 h4 41. gxh4 gxh4 42.
Ke3 Kf5 43. f4 e5 44. fxe5 Kxe5 45. Kf3 Kf5 46. Ke3 Ke5 47. Kf3 Kf5 48. Ke3 Ke5 1/2-1/2

[Event "Early-Titled-Tuesday-Blitz-May-28-2024"]
[Site "Chess.com"]
[Date "2024.05.28"]
[Round "8"]
[White "alexrustemov"]
[Black "Galileo22"]
[Result "1-0"]
[WhiteElo "2832"]
[BlackElo "2631"]
[TimeControl "180+1"]
[EndTime "9:29:10 PDT"]
[Termination "alexrustemov won by resignation"]

1. d4 d5 2. c4 c6 3. Nc3 Nf6 4. e3 g6 5. Nf3 Bg7 6. Be2 O-O 7. O-O a6 8. h3 b5 9. b3 Bf5 10.
Bb2 Ne4 11. Ne5 Nxc3 12. Bxc3 Be6 13. cxb5 cxb5 14. Nd3 Nd7 15. a4 Bf5 16. axb5 axb5 17. Bb4 Re8 18. Nc5 Nxc5 19. Bxc5 Bd7 20. Rxa8 Qxa8 21.
Qa1 e6 22. Qc3 Qb7 23. Ra1 Ra8 24. Ra5 Bf6 25. Qa1 Rxa5 26. Qxa5 h5 27. b4 Kg7 28. Bd3 Qb8 29. g3 Bd8 30. Qa1 Bc7 31. Kg2 Qb7 32.
h4 Kg8 33. Kf1 Bd8 34. Ke2 Be8 35. Kd2 Bc6 36. Bc2 Bd7 37. Qd1 Qa6 38. Qf3 Qa1 39. Qf4 Qf1 40. Bd3 Qa1 41. Qd6 Qb2+ 42. Bc2 1-0

[Event "Early-Titled-Tuesday-Blitz-May-28-2024"]
[Site "Chess.com"]
[Date "2024.05.28"]
[Round "8"]
[White "karinachess1"]
[Black "Fernando_Offermann"]
[Result "0-1"]
[WhiteElo "2594"]
[BlackElo "2493"]
[TimeControl "180+1"]
[EndTime "9:29:10 PDT"]
[Termination "Fernando_Offermann won by resignation"]

1. d4 Nf6 2. c4 g6 3. Nc3 Bg7 4.
e4 d6 5. h4 O-O 6. Be2 c5 7. d5 e6 8. h5 exd5 9. exd5 Re8 10.
Kf1 Ne4 11. Nxe4 Rxe4 12. h6 Bd4 13. Nh3 Bxh3 14. Rxh3 Nd7 15. Bd3 Re8 16. Bf4 Ne5 17.
Qc2 Qf6 18. Bxe5 Rxe5 19. Rf3 Qg5 20. Rh3 Rae8 21. g3 R5e7 22. Kg2 Qf6 23. Rf1 Bxb2 24. Rh4 Be5 25. f4 Bd4 26. f5 g5 27. Rg4 Re3 28. Rh1 Kh8 29. Rh5 Rg8 30. Be4 Rc3 31. Qb1 b6 32. Qb5 Qe7 33. f6 Bxf6 34. Qb1 Qe5 35.
Bxh7 Qe2+ 36. Kh3 Rc2 37. Re4 Qg2+ 38. Kg4 Rc3 39. Qe1 Qf3+ 40. Kh3 Qxh5+ 0-1

[Event "Early-Titled-Tuesday-Blitz-May-28-2024"]
[Site "Chess.com"]
[Date "2024.05.28"]
[Round "8"]
[White "rhungaski"]
[Black "emeli_chess"]
[Result "1-0"]
[WhiteElo "2585"]
[BlackElo "2437"]
[TimeControl "180+1"]
[EndTime "9:29:10 PDT"]
[Termination "rhungaski won by resignation"]

1. d4 Nf6 2. c4 e6 3. Nf3 d5 4. Nc3 Bb4 5. cxd5 exd5 6. Qa4+ Nc6 7. Bg5 h6 8. Bxf6 Qxf6 9. e3 O-O 10. Be2 Be6 11. O-O a6 12. Rfc1 Bd6 13. Qd1 Ne7 14. Na4 b6 15. b4 Rfe8 16. Nb2 g5 17. Nd3 Ng6 18. a4 g4 19. Nfe5 Nxe5 20. dxe5 Bxe5 21. Nxe5 Qxe5 22. Bxg4 Kh8 23. Bf3 Rg8 24. Qd4 Qxd4 25. exd4 Ra7 26. a5 b5 27. Rc6 Bd7 28. Rxh6+ Kg7 29.
Rh5 c6 30. Re5 Be6 31. Rae1 Kf6 32. g3 Ke7 33. Bg2 Kd6 34. f4 Rh8 35. h4 Raa8 36.
Kf2 Rag8 37. Rg5 f6 38. Rxg8 Rxg8 39. Bf3 Bg4 40. Bxg4 Rxg4 41. Re8 Rg7 42. Kf3 f5 43. Re5 Rf7 44. h5 Rf6 45. Kg2 Rf7 46. Kh3 c5 47.
dxc5+ Kc6 48. Re6+ Kc7 49. Rxa6 d4 50. Ra7+ 1-0

[Event "Early-Titled-Tuesday-Blitz-May-28-2024"]
[Site "Chess.com"]
[Date "2024.05.28"]
[Round "8"]
[White "ClauAmura"]
[Black "PonyQueen07"]
[Result "1-0"]
[WhiteElo "2412"]
[BlackElo "2071"]
[TimeControl "180+1"]
[EndTime "9:29:12 PDT"]
[Termination "ClauAmura won by checkmate"]

1. d4 Nf6 2. Bg5 d5 3. Bxf6 exf6 4. e3 Bd6 5. c4 dxc4 6. Bxc4 O-O 7. Nc3 Be6 8. Bxe6 fxe6 9. Nf3 Qd7 10. Rc1 Nc6 11. O-O Ne7 12. Ne4 Rac8 13. Qb3 b6 14. Rfd1 Nd5 15.
Nxd6 cxd6 16. e4 Nf4 17. Qe3 Rxc1 18. Rxc1 e5 19. g3 Ne6 20. d5 Nc5 21. b4 Na6 22. a3 Rc8 23. Kg2 Rxc1 24. Qxc1 Qc7 25. Qf1 Nb8 26. Qd3 a6 27. h4 b5 28. h5 Nd7 29.
Nh4 Qc4 30. Qe3 Kf7 31. Nf5 Qc7 32. Qf3 g5 33. h6 Nf8 34. Ng7 Qc4 35. Qf5 Ng6 36.
Qd7+ Ne7 37. Qe6+ Kf8 38. Qxd6 Qxe4+ 39. Kh2 Qg6 40. Qd8+ Kf7 41. Qe8# 1-0

[Event "Early-Titled-Tuesday-Blitz-May-28-2024"]
[Site "Chess.com"]
[Date "2024.05.28"]
[Round "8"]
[White "monomita"]
[Black "djano"]
[Result "1-0"]
[WhiteElo "2738"]
[BlackElo "2589"]
[TimeControl "180+1"]
[EndTime "9:29:14 PDT"]
[Termination "monomita won by resignation"]

1. d4 Nf6 2. c4 e6 3. g3 c5 4. d5 exd5 5. cxd5 d6 6. Bg2 g6 7.
Nc3 Bg7 8. Nf3 O-O 9. O-O a6 10. Bf4 b5 11. Nd2 Re8 12. Nde4 Nxe4 13. Nxe4 Rxe4 14.
Bxe4 Bxb2 15. Rb1 Bf6 16. Qd2 Ra7 17. Bg2 b4 18. e4 Qe7 19. Be3 Nd7 20. Rxb4 cxb4 21.
Bxa7 Bc3 22. Qe2 Ne5 23. Be3 Qc7 24. Rc1 Qa5 25. h3 Bd7 26. Bf1 Bb5 27. Qc2 Ba4 28. Qb1 g5 29. Kg2 h6 30. f4 Ng6 31. fxg5 hxg5 32.
Bxg5 Ne5 33. Bf6 Bd7 34. Rxc3 bxc3 35. Qb8+ Kh7 36. Qh8+ Kg6 37. Qg7+ 1-0

[Event "Early-Titled-Tuesday-Blitz-May-28-2024"]
[Site "Chess.com"]
[Date "2024.05.28"]
[Round "8"]
[White "David_Arutinian"]
[Black "Nf3c5"]
[Result "1-0"]
[WhiteElo "2822"]
[BlackElo "2565"]
[TimeControl "180+1"]
[EndTime "9:29:16 PDT"]
[Termination "David_Arutinian won on time"]

1. Nf3 f5 2. c4 e6 3. Nc3 Nf6 4. d3 Nc6 5. e4 fxe4 6. dxe4 e5 7. Bd3 Bb4 8. Bd2 O-O 9. O-O Bxc3 10. Bxc3 d6 11.
Nd2 a5 12. f3 Nh5 13. Rf2 Nf4 14. Nf1 b6 15. Bd2 Nxd3 16. Re2 Nf4 17. Bxf4 Rxf4 18.
Qd5+ Rf7 19. Qxc6 Be6 20. Rc1 Rc8 21. Rc3 Qg5 22. Qa4 Rcf8 23. Rf2 h5 24. Qd1 Qh6 25. Qd2 Qf6 26. Ne3 g5 27. Nd5 Qg6 28. Qe3 Kh7 29. Rcc2 Qg7 30. b3 Qg6 31. Rcd2 Qg7 32. Kf1 Qg6 33.
Ke1 Kg7 34. Kd1 g4 35. Kc2 h4 36. Kb2 g3 37. hxg3 hxg3 38. Rfe2 Bxd5 39. cxd5 Qh6 40. Qd3 Qf4 41. Rc2 Rh8 42. Rc3 Rh7 43. Rec2 Kg6 44.
Qa6 Rh2 45. Qc8 Qg5 46. Rxc7 Rxc7 47. Qxc7 Qe3 48. Qxd6+ 1-0

[Event "Early-Titled-Tuesday-Blitz-May-28-2024"]
[Site "Chess.com"]
[Date "2024.05.28"]
[Round "8"]
[White "GOGIEFF"]
[Black "SaraBlackPanther"]
[Result "1-0"]
[WhiteElo "3016"]
[BlackElo "2766"]
[TimeControl "180+1"]
[EndTime "9:29:18 PDT"]
[Termination "GOGIEFF won on time"]

1. c4 Nf6 2. Nc3 g6 3. e4 d6 4. d4 Bg7 5. Be2 O-O 6. Bg5 c5 7. d5 h6 8. Be3 e6 9. Nf3 exd5 10. cxd5 Bg4 11. O-O Bxf3 12. Bxf3 Re8 13. Qc2 a6 14. a4 Nbd7 15. h3 c4 16. a5 Qc7 17. Ra4 b5 18. axb6 Nxb6 19. Rb4 Nfd7 20. Ra1 Nc5 21. Be2 Qd8 22.
f3 f5 23. Bf2 fxe4 24. Nxe4 Rc8 25. Nxc5 dxc5 26. Rxc4 Nxc4 27. Bxc4 Rb8 28. Qxg6 Rb6 29. d6+ Kh8 30. Bd3 Kg8 31. Rxa6 Rxa6 32. Bxa6 Qd7 33. Bc4+ Kf8 34. Bxc5 Re1+ 35. Kf2 Rc1 36. Qf7+ Qxf7 37. d7+ 1-0

[Event "Early-Titled-Tuesday-Blitz-May-28-2024"]
[Site "Chess.com"]
[Date "2024.05.28"]
[Round "8"]
[White "AldokhinIvan"]
[Black "balack95"]
[Result "1-0"]
[WhiteElo "2621"]
[BlackElo "2508"]
[TimeControl "180+1"]
[EndTime "9:29:18 PDT"]
[Termination "AldokhinIvan won by resignation"]

1. d4 Nf6 2. c4 e6 3. Nc3 Bb4 4. f3 c5 5. a3 Ba5 6. e3 O-O 7.
Bd3 cxd4 8. exd4 d5 9. c5 Nc6 10. Ne2 e5 11. dxe5 Nxe5 12. O-O h6 13. Bc2 Re8 14. b4 Bc7 15. Nd4 Nc4 16. Qd3 a5 17. Rb1 axb4 18. axb4 Na3 19. Bxa3 Rxa3 20. Ndb5 Rxc3 21.
Qxc3 Be5 22. Qd3 b6 23. c6 Ba6 24. Rfe1 Qb8 25. f4 Bxf4 26. Rxe8+ Qxe8 27. Ra1 Qe3+ 28. Kh1 Bxb5 29. Qxb5 Bxh2 30. Ra8+ Ne8 31. Kxh2 Qe1 32.
Qd3 Qh4+ 33. Qh3 Qf4+ 34. Qg3 Qxg3+ 35. Kxg3 Kf8 36. c7 Ke7 37. c8=Q 1-0

[Event "Early-Titled-Tuesday-Blitz-May-28-2024"]
[Site "Chess.com"]
[Date "2024.05.28"]
[Round "8"]
[White "Engima32"]
[Black "RianKapriaga"]
[Result "0-1"]
[WhiteElo "2485"]
[BlackElo "2334"]
[TimeControl "180+1"]
[EndTime "9:29:20 PDT"]
[Termination "RianKapriaga won by checkmate"]

1. Nf3 d5 2. g3 Nf6 3. Bg2 c6 4.
O-O Bg4 5. d4 Nbd7 6. c4 e6 7.
Nc3 Bd6 8. Qb3 Qb8 9. cxd5 exd5 10. e4 dxe4 11. Ng5 O-O 12. Ncxe4 h6 13. Nxd6 Qxd6 14.
Bf4 Qxd4 15. Nf3 Qb6 16. Qa3 Bxf3 17. Bxf3 Rfe8 18. Rfd1 Ne5 19. Bg2 Nfg4 20. Rf1 Rad8 21. h3 Nxf2 22. Rxf2 Nd3 23. Rf1 Nxf2 24. Rxf2 Re2 25.
Qf3 Rd1+ 26. Kh2 Qxf2 27. Qxf2 Rxf2 28. h4 Rb1 29. Be5 Rbxb2 30. Bxb2 Rxb2 31. a4 Ra2 32.
Kh3 Rxa4 33. g4 Ra3+ 34. Kh2 Ra2 35. Kg3 Rxg2+ 36. Kxg2 g6 37. Kg3 Kg7 38. Kf4 Kf6 39. Ke4 a5 40. Kd3 b6 41. Kc3 Ke5 42. h5 g5 43. Kc4 Kf4 44. Kd4 Kxg4 45. Ke4 Kxh5 46. Kf5 a4 47. Kf6 a3 48. Kxf7 a2 49. Ke6 a1=Q 50.
Kd6 Qc3 51. Kc7 b5 52. Kb7 b4 53. Kb6 b3 54. Kb7 b2 55. Kb8 b1=Q+ 56. Kc7 c5 57.
Kc8 Qg7 58. Kd8 Qb8# 0-1

[Event "Early-Titled-Tuesday-Blitz-May-28-2024"]
[Site "Chess.com"]
[Date "2024.05.28"]
[Round "8"]
[White "atbenina64"]
[Black "Tagir45"]
[Result "1-0"]
[WhiteElo "2791"]
[BlackElo "2635"]
[TimeControl "180+1"]
[EndTime "9:29:21 PDT"]
[Termination "atbenina64 won by checkmate"]

1. Nf3 d5 2. g3 c5 3. Bg2 Nc6 4.
d4 cxd4 5. Nxd4 Nf6 6. O-O e5 7. Nxc6 bxc6 8. c4 Be7 9. cxd5 cxd5 10. Nc3 Be6 11. Bg5 d4 12. Bxa8 Qxa8 13. Na4 Bh3 14. f3 Bxf1 15. Kxf1 Nd5 16. Bd2 O-O 17. Rc1 f5 18. Nc5 Rd8 19. Ne6 Rd6 20. Nc7 Nxc7 21. Rxc7 Bf8 22. Qb3+ Kh8 23. Qc2 Rd8 24. Qxf5 d3 25.
exd3 Bd6 26. Rf7 Qd5 27. Bh6 Rg8 28. Rxa7 Bc5 29. Rd7 Qxa2 30. Bxg7+ Rxg7 31. Rd8+ Rg8 32. Qf6# 1-0

[Event "Early-Titled-Tuesday-Blitz-May-28-2024"]
[Site "Chess.com"]
[Date "2024.05.28"]
[Round "8"]
[White "salomez"]
[Black "Sondremelaa"]
[Result "0-1"]
[WhiteElo "2352"]
[BlackElo "2581"]
[TimeControl "180+1"]
[EndTime "9:29:21 PDT"]
[Termination "Sondremelaa won on time"]

1. e4 e5 2. f4 exf4 3. Nf3 Nf6 4. Nc3 d5 5. e5 Ne4 6. d3 Nxc3 7. bxc3 c5 8. Bxf4 Nc6 9. Be2 Be6 10. O-O Be7 11. Qe1 Qc7 12. Qg3 O-O-O 13. Bg5 h6 14. Bxe7 Nxe7 15. Nd2 g5 16. Bg4 Qd7 17. Bxe6 fxe6 18.
Rf7 Rdf8 19. Raf1 Nf5 20. Rxf8+ Rxf8 21. Qh3 Qg7 22. g4 Nh4 23. Rxf8+ Qxf8 24. Qf1 Qxf1+ 25.
Kxf1 Kd7 26. Kf2 Ng6 27. Nf3 Kc6 28. Ke3 Kb5 29. h3 Ka4 30. d4 c4 31. Nd2 Ka3 32.
Nxc4+ dxc4 33. d5 exd5 0-1

[Event "Early-Titled-Tuesday-Blitz-May-28-2024"]
[Site "Chess.com"]
[Date "2024.05.28"]
[Round "8"]
[White "ManMish2"]
[Black "frankshar"]
[Result "1-0"]
[WhiteElo "2686"]
[BlackElo "2497"]
[TimeControl "180+1"]
[EndTime "9:29:21 PDT"]
[Termination "ManMish2 won by resignation"]

1. e4 c5 2. c3 d5 3. exd5 Qxd5 4. Nf3 Nc6 5. Na3 Bg4 6. Be2 Nf6 7. O-O e6 8. Nc2 Be7 9. Ne3 Qd7 10. Nxg4 Nxg4 11. h3 Nf6 12. d3 O-O 13. Be3 Nd5 14. Bd2 Bf6 15. Re1 a6 16. a4 b5 17. Bf1 Rab8 18. axb5 axb5 19. Qc2 Rfc8 20. Rad1 b4 21. g3 Rb6 22. c4 Nde7 23. Ra1 Nf5 24. Bg2 Rd8 25. g4 Nfe7 26. Be3 Nd4 27. Nxd4 Bxd4 28. Qa4 Qxa4 29. Rxa4 Bxe3 30. Rxe3 Ng6 31. Ra5 Rc8 32.
Ra7 Nf4 33. Be4 g6 34. Rf3 e5 35. g5 Kf8 36. Bd5 f6 37. Rxh7 fxg5 38. Rh8+ 1-0

[Event "Early-Titled-Tuesday-Blitz-May-28-2024"]
[Site "Chess.com"]
[Date "2024.05.28"]
[Round "8"]
[White "TomLiu777"]
[Black "Shuvalov"]
[Result "1-0"]
[WhiteElo "2406"]
[BlackElo "2570"]
[TimeControl "180+1"]
[EndTime "9:29:22 PDT"]
[Termination "TomLiu777 won by resignation"]

1. d4 Nf6 2. c4 g6 3. h4 Bg7 4.
Nc3 Nc6 5. e4 e5 6. d5 Nd4 7.
Nf3 Nxf3+ 8. Qxf3 d6 9. Be2 h6 10. Qg3 O-O 11. h5 Kh7 12. hxg6+ fxg6 13. Bg5 Qd7 14.
O-O-O a6 15. Qe3 Ng8 16. Rh2 b5 17. Rdh1 Rf4 18. g3 b4 19. gxf4 exf4 20. Bxf4 bxc3 21. Bxh6 cxb2+ 22. Kb1 Nxh6 23. Rxh6+ Kg8 24. Rxg6 Qf7 25. Qh6 Kf8 26. Qg5 Rb8 27. Qd8+ Qe8 28. Qxe8+ Kxe8 29. Rxg7 1-0

[Event "Early-Titled-Tuesday-Blitz-May-28-2024"]
[Site "Chess.com"]
[Date "2024.05.28"]
[Round "8"]
[White "Sofia_Blokhin"]
[Black "pfalcon1949"]
[Result "1-0"]
[WhiteElo "2252"]
[BlackElo "1928"]
[TimeControl "180+1"]
[EndTime "9:29:24 PDT"]
[Termination "Sofia_Blokhin won by resignation"]

1. d4 d5 2. c4 e6 3. Nc3 Nf6 4. Nf3 Be7 5. e3 O-O 6. Bd3 b6 7. cxd5 Nxd5 8. e4 Nxc3 9. bxc3 c5 10. O-O Bb7 11. Bb2 Nd7 12. Re1 Qc7 13. d5 exd5 14. exd5 Bf6 15. Qc2 g6 16. c4 Bxb2 17. Qxb2 Rfe8 18. Ng5 Ne5 19. Bf1 Ba6 20. Rac1 Rad8 21.
Ne4 Nd7 22. g3 f5 23. Ng5 Qd6 24. Ne6 Rxe6 25. Rxe6 Qf8 26. Rce1 f4 27. Bh3 Bxc4 28. Qd2 fxg3 29. hxg3 Nf6 30. Qf4 Nxd5 31. Qxc4 Qf3 32. Bg2 Qf5 33. R6e5 1-0

[Event "Early-Titled-Tuesday-Blitz-May-28-2024"]
[Site "Chess.com"]
[Date "2024.05.28"]
[Round "8"]
[White "Bauman_Guy"]
[Black "Cayse"]
[Result "0-1"]
[WhiteElo "2925"]
[BlackElo "2834"]
[TimeControl "180+1"]
[EndTime "9:29:27 PDT"]
[Termination "Cayse won by resignation"]

1. e4 e5 2. Nf3 Nc6 3. Bb5 a6 4. Ba4 Nf6 5. O-O Be7 6. d3 b5 7. Bb3 d6 8. a3 O-O 9. Nc3 Bg4 10. Be3 Nd4 11. Bxd4 exd4 12. Nd5 Nxd5 13. Bxd5 Rb8 14. h3 Bd7 15. Nxd4 Bf6 16. c3 Bxd4 17.
cxd4 c6 18. Ba2 Qf6 19. Qd2 Qxd4 20. Qc3 Qxc3 21. bxc3 Rfc8 22. Rfb1 Kf8 23. f4 c5 24. Kf2 Ke7 25. Ke3 a5 26. Rb2 Rb6 27. Rab1 Rcb8 28.
d4 b4 29. cxb4 cxb4 30. axb4 Rxb4 31. Rxb4 Rxb4 32. Rxb4 axb4 33. e5 f6 34. exf6+ Kxf6 35. Kd3 Bb5+ 36. Bc4 Bxc4+ 37. Kxc4 Kf5 38. Kxb4 Kxf4 39. Kb5 Ke4 40. Kc6 d5 41. Kc5 h6 42.
h4 h5 43. g3 g6 44. Kd6 Kxd4 45. Ke6 Ke4 46. Kf6 Kf3 47. Kxg6 Kg4 0-1

[Event "Early-Titled-Tuesday-Blitz-May-28-2024"]
[Site "Chess.com"]
[Date "2024.05.28"]
[Round "8"]
[White "Eloist"]
[Black "biveklama"]
[Result "0-1"]
[WhiteElo "2434"]
[BlackElo "2607"]
[TimeControl "180+1"]
[EndTime "9:29:27 PDT"]
[Termination "biveklama won by checkmate"]

1. e4 c5 2. Nf3 d6 3. Bb5+ Nc6 4. O-O Nf6 5. Re1 Bd7 6. c3 g6 7. d4 cxd4 8. cxd4 Bg7 9. Nc3 O-O 10. h3 a6 11. Bf1 b5 12. d5 Ne5 13. Nxe5 dxe5 14.
f3 Nh5 15. a4 b4 16. Na2 Nf4 17. Be3 a5 18. Kh2 f5 19. Nc1 fxe4 20. fxe4 e6 21. Nb3 exd5 22. exd5 e4 23. Bd4 Qb8 24. Kg1 Nxh3+ 25.
gxh3 Rxf1+ 26. Kxf1 Qh2 27. Re3 Rf8+ 28. Ke1 Qf2# 0-1

[Event "Early-Titled-Tuesday-Blitz-May-28-2024"]
[Site "Chess.com"]
[Date "2024.05.28"]
[Round "8"]
[White "MikeSailer"]
[Black "Chernov_Mikhail"]
[Result "1-0"]
[WhiteElo "2088"]
[BlackElo "2287"]
[TimeControl "180+1"]
[EndTime "9:29:27 PDT"]
[Termination "MikeSailer won on time"]

1. d4 Nf6 2. Nf3 g6 3. Bf4 Bg7 4. e3 d6 5. Be2 O-O 6. h3 Nbd7 7. O-O Re8 8. c4 e5 9. Bh2 c6 10. Nc3 Qe7 11. Re1 e4 12. Nd2 Nf8 13. b4 h5 14. b5 N8h7 15. bxc6 bxc6 16. d5 Nxd5 17. Nxd5 cxd5 18. Rc1 Ng5 19. cxd5 Be5 20. Bxe5 Qxe5 21. Nc4 Qf6 22. Bf1 Bxh3 23. gxh3 Nf3+ 24. Kh1 Re5 25. Bg2 Nh4 26. Nxe5 Qxe5 27. Qd4 Qf5 28. Qxe4 Qxf2 29. Rf1 1-0